 Dungeon Crawl Stone Soup version 0.30.0-5-g1a98f26d00 (webtiles) character file.

Game seed: 1724230260050029020

2606 Cheops the Grappler (level 9, -7/69 HPs)
             Began as a Ghoul Monk on May 9, 2023.
             Was a Believer of Ru.
             Mangled by a two-headed ogre
             ... wielding a +0 giant spiked club
              (16 damage)
             ... on level 8 of the Dungeon.
             The game lasted 00:13:26 (6435 turns).

Cheops the Grappler (Ghoul Monk)                    Turns: 6435, Time: 00:13:27

Health: -7/69      AC: 19    Str: 19    XL:     9   Next: 59%
Magic:  8/8        EV:  6    Int:  5    God:    Ru [**....]
Gold:   290        SH:  5    Dex: 11    Spells: 8/8 levels left

rFire   . .          .
                       - Unarmed
rCold   + + .        c - orb {light}
rNeg    + + +        G - +4 plate armour
rPois   ∞            (no helmet)
rElec   .            I - +0 cloak
rCorr   .            (no gloves)
SInv    .            t - +1 pair of boots
Will    .....        l - amulet of reflection Stlth
                     j - ring of protection from cold
HPRegen 0.00/turn    (no ring)
MPRegen 0.11/turn

%: reflection
@: inhibited regen, glowing, studying Polearms
A: claws 1, cold resistance 1, negative energy resistance 3, inhibited
regeneration, torment resistance 2, no stealth, unskilled 1, devour on kill
a: Renounce Religion


You were on level 8 of the Dungeon.
You worshipped Ru.
Ru was pleased with you.
You visited 1 branch of the dungeon, and saw 8 of its levels.

You collected 290 gold pieces.

Inventory:

Armour
 c - an orb of light (worn)
 t - a +1 pair of boots (worn)
 G - a +4 plate armour (worn)
 I - a +0 cloak (worn)
Magical Staves
 u - a staff of death
Jewellery
 j - a ring of protection from cold (left claw)
 l - an amulet of reflection (around neck)
Wands
 m - a wand of polymorph (17)
 p - a wand of flame (16)
 y - a wand of charming (11)
 E - a wand of acid (4)
Scrolls
 d - a scroll of amnesia
 h - 2 scrolls of fog {unknown}
 k - a scroll of enchant weapon {unknown}
 o - 2 scrolls of immolation
 q - a scroll of brand weapon
 z - 2 scrolls of magic mapping {unknown}
 H - a scroll of blinking
 K - 2 scrolls of teleportation
 L - a scroll of summoning
Potions
 a - a potion of lignification {unknown}
 b - 2 potions of ambrosia
 e - 3 potions of attraction {unknown}
 f - 5 potions of degeneration {unknown}
 g - a potion of berserk rage {unknown}
 i - 3 potions of curing
 n - 2 potions of heal wounds {unknown}
 r - a potion of invisibility {unknown}
 s - a potion of brilliance {unknown}
 w - a potion of might {unknown}
 C - 3 potions of haste {unknown}
 D - a potion of cancellation {unknown}
 F - a potion of magic {unknown}
 J - 5 potions of resistance {unknown}


   Skills:
 - Level 3.0 Fighting
 + Level 4.4 Armour
 - Level 2.4 Dodging
 * Level 11.2 Unarmed Combat
 - Level 3.0 Evocations


You had 8 spell levels left.
You didn't know any spells.
Your spell library contained the following spells:

 Spells                   Type           Power      Damage    Failure   Level
 Summon Small Mammal      Summ           0%         N/A       100%        1
 Ensorcelled Hibernation  Hex/Ice        0%         N/A       100%        2
 Passwall                 Tmut/Erth      0%         N/A       100%        2
 Call Canine Familiar     Summ           0%         N/A       100%        3
 Summon Guardian Golem    Hex/Summ       0%         N/A       100%        3
 Swiftness                Air            0%         N/A       100%        3
 Summon Hydra             Summ           0%         N/A       100%        7
 Sublimation of Blood     Necr           Unusable   N/A       N/A         2
 Wereblood                Tmut           Unusable   N/A       N/A         2

Dungeon Overview and Level Annotations

Branches:
Dungeon (8/15)             Temple (0/1) D:4
   Lair: D:8-11

Altars:
Fedhas
Ru
Trog
Vehumet

Annotations:
D:4 2 transporters, PerfectTommy's ghost, amateur GnWn
D:5 1 runed translucent door, TrollFarmer's ghost, novice SpEn


Innate Abilities, Weirdness & Mutations

You are immune to poison.
You have sharp fingernails.
Your flesh is cold resistant. (rC+)
You are immune to negative energy. (rN+++)
You do not regenerate when monsters are visible.
You are immune to unholy pain and torment.
You cannot be stealthy.
You are somewhat unskilled. (-1 Apt)
You thrive by killing the living.


Message History

The orc wizard flickers and vanishes!
Deactivating autopickup; reactivate with Ctrl-A.
You barely miss the orc wizard. You mangle the orc wizard!!
You kill the orc wizard!
The two-headed ogre hits you with a +0 giant spiked club!!
The two-headed ogre hits you with a +0 giant spiked club.
* * * LOW HITPOINT WARNING * * *
An orc comes into view. It is wielding a +0 short sword.
The orc shouts!
You are too injured to fight recklessly!
You are too injured to fight recklessly!
You are too injured to fight recklessly!
You are too injured to fight recklessly!
You are too injured to fight recklessly!
You are too injured to fight recklessly!
You are too injured to fight recklessly!
You are too injured to fight recklessly!
You are too injured to fight recklessly!
You are too injured to fight recklessly!
You are too injured to fight recklessly!
You are too injured to fight recklessly!
You are too injured to fight recklessly!
You are too injured to fight recklessly!
You are too injured to fight recklessly!
Unknown command.
You claw the two-headed ogre!
The two-headed ogre is lightly wounded.
You claw the two-headed ogre!
The two-headed ogre is heavily wounded.
The two-headed ogre hits you with a +0 giant spiked club!!
* * * LOW HITPOINT WARNING * * *
The two-headed ogre hits you with a +0 giant spiked club!
* * * LOW HITPOINT WARNING * * *
The orc wizard begins to cast a spell, but is stunned by your conviction!
You scratch the two-headed ogre but do no damage.
The two-headed ogre is heavily wounded.
The two-headed ogre barely misses you.
The two-headed ogre hits you with a +0 giant spiked club!
You die...

.......#...##.#.. #..
#......#...##....
###..##...........#....
#.....#.............<..
.#.....#......#.#.......
................#.|.....
................#....##.
.......O........#..#.##(
#....o@.....#.....#.##.
#....)......##.##......
#...o.##+#####.##.#.#..
#..... #.##...... #.####
#.##.#.#.# # #.. .#.#.#
### ## # .


You could see a two-headed ogre, an orc wizard (invisible) and an orc.

Vanquished Creatures
  Grinder (D:3)
  A steam dragon (D:6)
  An orc warrior (D:6)
  A water moccasin (D:8)
  2 black bears (D:5)
  2 ice beasts
  2 ogres (D:6)
  3 centaurs
  2 phantoms
  A kobold brigand (D:7)
  A bullfrog (D:6)
  4 scorpions
  3 wights
  A howler monkey (D:7)
  2 orc priests
  A jelly (D:5)
  3 hounds
  A sleepcap (D:4)
  3 iguanas
  4 orc wizards
  13 adders
  A white imp (D:8)
  2 ufetubi (D:6)
  6 worms
  2 dart slugs
  17 orcs
  4 ball pythons
  5 bats
  3 endoplasms
  3 giant cockroaches
  11 hobgoblins
  6 jackals
  4 quokkas
  2 frilled lizards (D:2)
  5 goblins
  9 kobolds
  5 rats
137 creatures vanquished.

Notes
Turn   | Place    | Note
-------+----------+-------------------------------------------
     0 | D:1      | Cheops the Ghoul Monk began the quest for the Orb.
     0 | D:1      | Reached XP level 1. HP: 19/19 MP: 0/0
    90 | D:1      | Reached XP level 2. HP: 26/26 MP: 1/1
   155 | D:1      | Reached skill level 4 in Unarmed Combat
   653 | D:2      | Reached XP level 3. HP: 28/31 MP: 2/2
   725 | D:2      | Reached skill level 5 in Unarmed Combat
   877 | D:2      | Reached XP level 4. HP: 38/38 MP: 3/3
   998 | D:2      | Noticed a scorpion
  1004 | D:2      | Killed a scorpion
  1005 | D:2      | Reached skill level 6 in Unarmed Combat
  1005 | D:2      | Reached XP level 5. HP: 41/45 MP: 4/4
  1284 | D:3      | Noticed Grinder
  1289 | D:3      | Paralysed by Grinder for 3 turns
  1314 | D:3      | Killed Grinder
  1315 | D:3      | Reached skill level 7 in Unarmed Combat
  1315 | D:3      | Reached XP level 6. HP: 28/51 MP: 5/5
  1451 | D:3      | Found a sacrificial altar of Ru.
  1549 | D:3      | Found a radiant altar of Vehumet.
  1608 | D:3      | Became a worshipper of Ru the Awakened
  1616 | D:3      | Gained mutation: You are somewhat unskilled. (-1 Apt) [Ru
                  | sacrifice]
  1616 | D:3      | Reached * piety under Ru
  1901 | D:3      | Found a bloodstained altar of Trog.
  2178 | D:3      | Found a faded altar of an unknown god.
  2185 | D:3      | Found a blossoming altar of Fedhas.
  2187 | D:3      | Found a faded altar of an unknown god.
  2562 | D:4      | Reached XP level 7. HP: 57/57 MP: 6/6
  2667 | D:4      | Found a staircase to the Ecumenical Temple.
  2695 | D:4      | Identified the +0 leather armour of the Boiling Point
                  | {Rampage Regen+ Dex-4 Stlth+}
  2714 | D:4      | Reached skill level 1 in Evocations
  2793 | D:4      | Identified the +11 dire flail of Fatigue {flame, Will+}
  2795 | D:4      | Found a transporter.
  2796 | D:4      | Noticed PerfectTommy's ghost (amateur GnWn)
  2800 | D:4      | Found a transporter.
  3165 | D:5      | Entered Level 5 of the Dungeon
  3339 | D:5      | Reached skill level 8 in Unarmed Combat
  3471 | D:5      | Reached XP level 8. HP: 60/63 MP: 7/7
  3474 | D:5      | Reached skill level 1 in Armour
  3902 | D:5      | Found a runed translucent door.
  3909 | D:5      | Noticed TrollFarmer's ghost (novice SpEn)
  4194 | D:5      | Reached skill level 9 in Unarmed Combat
  4207 | D:5      | Gained mutation: You cannot be stealthy. [Ru sacrifice]
  4207 | D:5      | Reached ** piety under Ru
  5366 | D:6      | Reached skill level 10 in Unarmed Combat
  5366 | D:6      | Reached XP level 9. HP: 56/69 MP: 8/8
  5980 | D:7      | Reached skill level 11 in Unarmed Combat
  6425 | D:8      | Noticed a two-headed ogre
  6435 | D:8      | Mangled by a two-headed ogre

Illustrated notes

Levels and vault maps discovered:
D:1:      evilmike_arrival_hilbert_curve, layout_basic
D:2:      layout_rooms
D:3:      layout_basic, mainiacjoe_overflow_surrounded_room,
          chequers_temple_overflow_minitemple, trog_hazing_becter,
          vehumet_altar_wand_db, minmay_misc_feat_pillars,
          nicolae_concentric_dashed_squares_mild, uniq_grinder
D:4:      layout_basic, minmay_temple_entry_junction, gammafunk_ghost_smash
D:5:      layout_loops_ring, ebering_ghost_reflecting_pool
D:6:      layout_basic
D:7:      layout_basic
D:8:      layout_basic, okawaru_trees_1, lemuel_doored_altar,
          nicolae_overflow_hidden_temple, uniq_maggie

Skill      XL: |  1  2  3  4  5  6  7  8  9 |
---------------+----------------------------+-----
Unarmed Combat | 4 5 6 7 8 10 11 | 11.2
Evocations     | 3 |  3.0
Armour         | 3 4 |  4.4
Fighting       | |  3.0
Dodging        | |  2.4

Action                     |  1- 3 |  4- 6 |  7- 9 || total
---------------------------+-------+-------+-------++-------
  Melee: Unarmed           |    78 |   116 |   284 ||   478
 Invoke: Sacrifice Skill   |       |     1 |       ||     1
         Sacrifice Stealth |       |       |     1 ||     1
    Use: Scroll            |       |       |    12 ||    12
   Stab: Distracted        |       |       |     1 ||     1
 Armour: Robe              |    12 |    16 |       ||    28
         Ring mail         |       |     2 |    11 ||    13
         Chain mail        |       |       |    57 ||    57
         Plate armour      |       |       |    77 ||    77
  Dodge: Dodged            |    53 |    50 |    89 ||   192
  Block: Orb               |       |    17 |    62 ||    79
         Reflection        |       |     3 |     3 ||     6
